 Dungeon Crawl Stone Soup version 0.28-a0-401-ge240ad9e29 (webtiles) character file.

Game seed: 10205926159297645365

382 FilthyApe the Basher (level 6, -3/51 HPs)
             Began as a Minotaur Fighter on Sept 5, 2021.
             Was an Initiate of Okawaru.
             Slain by a gnoll (8 damage)
             ... on level 4 of the Dungeon.
             The game lasted 00:03:32 (3876 turns).

FilthyApe the Basher (Minotaur Fighter)             Turns: 3876, Time: 00:03:33

Health: -3/51      AC:  8    Str: 22    XL:     6   Next: 47%
Magic:  5/5        EV:  9    Int:  5    God:    Okawaru [......]
Gold:   158        SH:  4    Dex: 10    Spells: 5/5 levels left

rFire   . . .      SeeInvis .   a - +0 flail
rCold   . . .      Faith    .   c - +0 buckler
rNeg    . . .      Spirit   .   b - +0 scale mail
rPois   .          Reflect  .   (helmet restricted)
rElec   .          Harm     .   (no cloak)
rCorr   .          Rampage  .   (no gloves)
Will    +....                   l - +0 pair of boots
Stlth   ..........              (no amulet)
HPRegen 0.17/turn               g - ring of flight
MPRegen 0.09/turn               o - ring of willpower

@: lit by a corona, flying, glowing
A: horns 2, retaliatory headbutt
a: Renounce Religion


You were on level 4 of the Dungeon.
You worshipped Okawaru.
Okawaru was noncommittal.
You visited 1 branch of the dungeon, and saw 4 of its levels.

You collected 158 gold pieces.

Inventory:

Hand Weapons
 a - a +0 flail (weapon)
Armour
 b - a +0 scale mail (worn)
 c - a +0 buckler (worn)
 l - a +0 pair of boots (worn)
Jewellery
 g - a ring of flight (left hand)
 o - a ring of willpower (right hand)
Wands
 p - a wand of paralysis (5)
Scrolls
 n - 2 scrolls of teleportation {unknown}
 r - a scroll of brand weapon {unknown}
 s - a scroll of acquirement {unknown}
 t - a scroll of noise {unknown}
 u - a scroll of identify
Potions
 d - a potion of might
 e - 5 potions of curing
 f - 2 potions of heal wounds
 h - a potion of ambrosia {unknown}
 i - a potion of mutation {unknown}
 j - a potion of invisibility {unknown}
 k - a potion of attraction {unknown}
 m - a potion of cancellation {unknown}
 q - a potion of magic {unknown}


   Skills:
 - Level 3.6 Fighting
 + Level 8.4 Maces & Flails
 - Level 3.6 Armour
 - Level 3.6 Shields


You had 5 spell levels left.
You didn't know any spells.
Your spell library contained the following spells:

 Spells                   Type           Power      Damage    Failure   Level
 Gell's Gravitas          Tloc           0%         N/A       99%         3
 Teleport Other           Tloc           0%         N/A       99%         3
 Dispersal                Tloc           0%         N/A       100%        6


Dungeon Overview and Level Annotations

Branches:
Dungeon (4/15)
 Temple: D:4-7

Altars:
Elyvilon
Gozag
Okawaru


Innate Abilities, Weirdness & Mutations

You have a pair of horns on your head.
You reflexively headbutt those who attack you in melee.


Message History

You block the hound's attack. The gnoll hits you but does no damage.
The hound barely misses you.
You barely miss the hound.
The hound is almost dead.
The hound bites you. You block the gnoll's attack.
You sock the hound!
You kill the hound!
Okawaru accepts your kill.
The gnoll hits you from afar with a +0 spear.
You barely miss the gnoll. The gnoll hits you but does no damage.
The gnoll hits you from afar with a +0 spear.
You sock the gnoll!
The gnoll is almost dead.
The gnoll hits you from afar with a +0 spear.
You barely miss the gnoll. You block the gnoll's attack.
The gnoll closely misses you.
The gnoll hits you from afar with a +0 spear.
The gnoll hits you with a +0 whip.
You hit the gnoll but do no damage. You headbutt the gnoll!
The gnoll is severely wounded.
You block the gnoll's attack.
The gnoll hits you from afar with a +0 spear. x2
The gnoll hits you but does no damage.
You thump the gnoll!
You kill the gnoll!
Okawaru accepts your kill. The gnoll hits you but does no damage.
The gnoll hits you from afar with a +0 spear.
The gnoll hits you with a +0 whip.
You barely miss the gnoll.
The gnoll is severely wounded.
The gnoll hits you from afar with a +0 spear.
* * * LOW HITPOINT WARNING * * *
The gnoll closely misses you. The gnoll hits you with a +0 whip.
* * * LOW HITPOINT WARNING * * *
You hit the gnoll.
You kill the gnoll!
Okawaru accepts your kill.
The gnoll hits you from afar with a +0 spear!
You die...

#....####...##
##...........#
#...........#
#...........# #
####.##.##...## .#
#..#.#####...### ..##
#..............# ....#
#.............)#g....#
#(............@Z.....#
#...>.........)#g....#
####..###..##...########
.#....###..###'####...#
................#)....#
................#†....#
................')....#
................##....#
.##...#######....######


You could see 2 gnolls and a killer bee zombie.

Vanquished Creatures
  A hound (D:4)
  An iguana (D:4)
  A gnoll shaman (D:4)
  3 orc wizards (D:3)
  Natasha (thrice) (D:2)
  Robin (D:2)
  4 adders
  3 gnolls (D:4)
  4 dart slugs
  2 orcs (D:3)
  3 ball pythons
  5 endoplasms
  4 giant cockroaches (D:1)
  15 goblins
  8 hobgoblins
  2 jackals (D:1)
  6 kobolds
  5 quokkas
  A bat (D:3)
  3 frilled lizards
  3 rats
78 creatures vanquished.

Notes
Turn   | Place    | Note
-------+----------+-------------------------------------------
     0 | D:1      | FilthyApe the Minotaur Fighter began the quest for the Orb.
     0 | D:1      | Reached XP level 1. HP: 19/19 MP: 0/0
    85 | D:1      | Reached skill level 3 in Maces & Flails
   123 | D:1      | Reached XP level 2. HP: 26/26 MP: 1/1
   470 | D:1      | Reached skill level 4 in Maces & Flails
   707 | D:1      | Reached XP level 3. HP: 31/31 MP: 2/2
  1679 | D:2      | Reached skill level 5 in Maces & Flails
  1944 | D:2      | Reached XP level 4. HP: 35/39 MP: 3/3
  1999 | D:2      | Noticed Robin
  2002 | D:2      | Noticed Natasha
  2077 | D:2      | Killed Natasha
  2090 | D:2      | Reached skill level 6 in Maces & Flails
  2110 | D:2      | Killed Robin
  2169 | D:2      | Noticed Natasha
  2174 | D:2      | Killed Natasha
  2175 | D:2      | Reached XP level 5. HP: 18/45 MP: 4/4
  2303 | D:2      | Noticed Natasha
  2306 | D:2      | Killed Natasha
  2668 | D:3      | Reached skill level 7 in Maces & Flails
  2738 | D:3      | Found an opulent altar of Gozag.
  2776 | D:3      | Found an iron altar of Okawaru.
  2777 | D:3      | Found a white marble altar of Elyvilon.
  2786 | D:3      | Became a worshipper of Warmaster Okawaru
  3460 | D:3      | Reached XP level 6. HP: 51/51 MP: 5/5
  3858 | D:4      | Reached skill level 8 in Maces & Flails
  3876 | D:4      | Slain by a gnoll

Illustrated notes

Levels and vault maps discovered:
D:1:      matt_arrival_los_fun, layout_basic
D:2:      layout_basic, serial_glass, glass_columns_a, glass_columns_c,
          glass_columns_c, glass_columns_a, uniq_natasha, uniq_robin
D:3:      layout_basic, chequers_temple_overflow_statue_of_worship
D:4:      layout_gridville, grunt_temple_overflow_order_and_chaos_1

Skill      XL: |  1  2  3  4  5  6 |
---------------+-------------------+-----
Maces & Flails | 3 4 5 6 7 8 |  8.4
Fighting       | |  3.6
Armour         | |  3.6
Shields        | |  3.6

Action                   |  1- 3 |  4- 6 || total
-------------------------+-------+-------++-------
Melee: Flail             |    73 |   116 ||   189
       Headbutt          |     6 |    18 ||    24
  Use: Potion            |       |     1 ||     1
       Scroll            |       |     4 ||     4
Armor: Scale mail        |    21 |    60 ||    81
Dodge: Dodged            |    27 |    52 ||    79
Block: Buckler           |    14 |    24 ||    38

Table legend: (Time is in decaauts)
 A = Elapsed time spent in this place.
 B = Non-inter-level travel time spent in this place.
 C = Inter-level travel time spent in this place.
 D = Time resting spent in this place.
 E = Time spent auto-exploring this place.
 F = Levels seen in this place.
 G = Mean time per level.
                   A        B        C        D        E       F      G
               +--------+--------+--------+--------+--------+-----+--------+
         Total |   3909 |   3789 |    120 |    179 |   3107 |   4 |  977.2 |
       Dungeon |   3909 |   3789 |    120 |    179 |   3107 |   4 |  977.2 |
               +--------+--------+--------+--------+--------+-----+--------+

Top non-repeatable levels by time:
     D:1: 1269 daAuts
     D:2: 1241 daAuts
     D:3: 1136 daAuts
     D:4: 262 daAuts
